 Dungeon Crawl Stone Soup version 0.28.0-1-gb440e238dd (webtiles) character file.

Game seed: 12910181940085467019

287 Krehm the Chopper (level 6, 0/53 HPs)
             Began as a Hill Orc Fighter on Feb 19, 2022.
             Slain by Pikel (1 damage)
             ... on level 4 of the Dungeon.
             The game lasted 00:09:53 (3239 turns).

Krehm the Chopper (Hill Orc Fighter)                Turns: 3239, Time: 00:09:54

Health: 0/53       AC: 10    Str: 21    XL:     6   Next: 30%
Magic:  6/6        EV: 15    Int:  8    God:
Gold:   181        SH:  4    Dex: 10    Spells: 5/5 levels left

rFire   . . .      SeeInvis .   o - +2 trident (flame)
rCold   . . .      Faith    .   c - +0 buckler
rNeg    . . .      Spirit   .   m - +0 chain mail
rPois   .          Reflect  .   (no helmet)
rElec   .          Harm     .   (no cloak)
rCorr   .          Rampage  .   p - +0 pair of gloves
Will    .....                   (no boots)
Stlth   ..........              (no amulet)
HPRegen 0.17/turn               f - +4 ring of evasion
MPRegen 0.10/turn               i - +4 ring of evasion

@: no status effects
A: no striking features
a: no special abilities


You were on level 4 of the Dungeon.
You visited 1 branch of the dungeon, and saw 4 of its levels.

You collected 181 gold pieces.

Inventory:

Hand Weapons
 a - a +0 war axe
 o - a +2 trident of flaming (weapon)
Missiles
 q - 6 poisoned darts (quivered)
Armour
 c - a +0 buckler (worn)
 m - a +0 chain mail (worn)
 p - a +0 pair of gloves (worn)
Jewellery
 f - a +4 ring of evasion (left hand)
 g - a ring of wizardry
 i - a +4 ring of evasion (right hand)
 r - a ring of magical power
Scrolls
 b - a scroll of holy word {unknown}
 h - 2 scrolls of fear
 j - 5 scrolls of teleportation
Potions
 d - a potion of might
 e - a potion of mutation
 k - a potion of flight
 l - a potion of attraction


   Skills:
 - Level 4.7 Fighting
 + Level 7.3 Axes
 - Level 3.2 Armour
 - Level 4.0 Shields


You had 5 spell levels left.
You didn't know any spells.
Your spell library contained the following spells:

 Spells                   Type           Power      Damage    Failure   Level
 Confusing Touch          Hex            0%         N/A       100%        3
 Frozen Ramparts          Ice            0%         1d2       100%        3
 Ice Form                 Ice/Tmut       0%         N/A       100%        4
 Summon Ice Beast         Ice/Summ       0%         N/A       100%        4
 Yara's Violent Unravell  Hex/Tmut       0%         3d3       100%        5
 Enfeeble                 Hex            0%         N/A       100%        7


Dungeon Overview and Level Annotations

Branches:
Dungeon (4/15)
 Temple: D:4-7

Altars:
Gozag
Xom

Portals:
Sewer: D:4

Annotations:
D:4 Pikel


Message History

Pikel is heavily wounded.
Pikel closely misses you.
You closely miss Pikel.
Pikel is heavily wounded.
Pikel hits you but does no damage.
You hit Pikel but do no damage.
Pikel is heavily wounded.
Pikel closely misses you. x2
You barely miss Pikel.
Pikel is heavily wounded.
Pikel hits you but does no damage.
You barely miss Pikel.
Pikel is heavily wounded.
You block Pikel's attack.
You closely miss Pikel.
Pikel is heavily wounded.
Pikel barely misses you.
You puncture Pikel! You burn Pikel.
Pikel is severely wounded.
Pikel barely misses you.
You barely miss Pikel.
Pikel is severely wounded.
Pikel hits you with a +2 whip of flaming!
Pikel burns you.
You are too injured to fight recklessly!
You are too injured to fight recklessly!
You hit Pikel. You burn Pikel.
Pikel is almost dead.
Pikel barely misses you.
Pikel hits you with a +2 whip of flaming!
* * * LOW HITPOINT WARNING * * *
Pikel burns you.
* * * LOW HITPOINT WARNING * * *
You closely miss Pikel.
Pikel is almost dead.
You hear the brisk rusting of a drain.
Pikel hits you with a +2 whip of flaming.
* * * LOW HITPOINT WARNING * * *
Pikel burns you.
You die...

.#.###...
........?
.5##'##...#
#5#≈≈≈#...#
#5#≈≈≈#...
#5#S∩≈#.#
#K#SB≈#.#
#.##.##
##@#SS≈#.#
#..#..<
#..#####.#
#.)....
#........#
#......
#..##.####
#...... #.###.#
#...).. #.....#
##.#... #####.#
#...... #.#
#....#.
#.#######?..†..


You could see Pikel, 4 lemures, 4 adders and a giant cockroach.

Vanquished Creatures
  A scorpion (D:4)
  A hound (D:4)
  A centaur skeleton (D:4)
  3 gnolls (D:2)
  4 adders (D:3)
  4 worms
  3 dart slugs
  9 orcs (D:3)
  6 bats
  7 endoplasms
  3 giant cockroaches
  7 goblins
  10 hobgoblins
  2 jackals (D:1)
  7 kobolds
  3 ball pythons
  2 frilled lizards
  5 rats
78 creatures vanquished.

Vanquished Creatures (others)
  A plant (D:1)
1 creature vanquished.

Grand Total: 79 creatures vanquished

Notes
Turn   | Place    | Note
-------+----------+-------------------------------------------
     0 | D:1      | Krehm the Hill Orc Fighter began the quest for the Orb.
     0 | D:1      | Reached XP level 1. HP: 19/19 MP: 1/1
   143 | D:1      | Found a faded altar of an unknown god.
   364 | D:1      | Reached skill level 3 in Axes
   364 | D:1      | Reached XP level 2. HP: 24/27 MP: 2/2
   870 | D:1      | Reached XP level 3. HP: 33/33 MP: 3/3
  1395 | D:2      | Reached skill level 4 in Axes
  1395 | D:2      | Reached XP level 4. HP: 27/41 MP: 4/4
  2035 | D:3      | Found a shimmering altar of Xom.
  2263 | D:3      | Reached skill level 5 in Axes
  2345 | D:3      | Reached XP level 5. HP: 47/47 MP: 5/5
  3100 | D:4      | Reached skill level 6 in Axes
  3109 | D:4      | Found an opulent altar of Gozag.
  3124 | D:4      | Reached XP level 6. HP: 53/53 MP: 6/6
  3139 | D:4      | Reached skill level 7 in Axes
  3212 | D:4      | Found a glowing drain.
  3217 | D:4      | Noticed Pikel
  3239 | D:4      | HP: 1/53 [Pikel (6)]
  3239 | D:4      | Slain by Pikel

Illustrated notes

Levels and vault maps discovered:
D:1:      nagdon_arrival_zigzag_paths, layout_basic,
          hellmonk_ecumenical_altar_blasted
D:2:      layout_rooms, minmay_misc_feat_tiny
D:3:      minmay_razor_zed, layout_basic, xom_teletrap_fun
D:4:      layout_basic, grunt_gozag_breadcrumbs,
          minmay_temple_entry_butterflies, gup_sewer_entry_glass, uniq_pikel

Skill      XL: |  1  2  3  4  5  6 |
---------------+-------------------+-----
Axes           | 3 4 5 6 7 |  7.3
Fighting       | 4 |  4.7
Shields        | 4 |  4.0
Armour         | |  3.2

Action                   |  1- 3 |  4- 6 || total
-------------------------+-------+-------++-------
Melee: War axe           |    85 |   111 ||   196
       Trident           |       |    44 ||    44
  Use: Scroll            |       |     7 ||     7
Armor: Scale mail        |    29 |     6 ||    35
       Chain mail        |       |    27 ||    27
Dodge: Dodged            |    29 |    87 ||   116
Block: Buckler           |    13 |    31 ||    44
